General information
- name: BNet
- type: Ladder team game (AT/RT)
- host: Battle.net
- saver: JONNY-FAKE-LOVE
map: LostTemple
- players: 4
- length: 21:37
- speed: Fast
- version: 1.24 W3XP
- replay type: Public
» download(107 KB)
Players
team 1 (loser)
BeyondBeliefs (
purple | 57 APM | 1231 actions | 21:36)
4 Death Knight
2 Death Coil
2 Unholy Aura
3 Lich
2 Frost Nova
1 Frost Armor
2 Crypt Lord
1 Impale
1 Spiked Carapace
» actions
| Basic commands | 81 | |
| Build / train | 57 | |
| Enter build submenu | 18 | |
| Enter hero's abilities submenu | 9 | |
| Give item / drop item | 1 | |
| Remove unit from queue | 2 | |
| Right click | 653 | |
| Select / deselect | 360 | |
| Use ability | 50 | |
1231 total
» units
| Acolyte | 3 | |
| Ghoul | 2 | |
| Crypt Fiend | 12 | |
| Obsidian Statue | 2 | |
| Frost Wyrm | 3 | |
22 total
» upgrades
| Creature Attack | 0 | |
| Web | 1 | |
| Freezing Breath | 1 | |
2 total
» buildings
| Graveyard | 1 | |
| Crypt | 1 | |
| Altar of Darkness | 1 | |
| Ziggurat | 10 | |
| Tomb of Relics | 1 | |
| Halls of the Dead | 2 | |
| Nerubian Tower | 1 | |
| Slaughterhouse | 1 | |
| Black Citadel | 1 | |
| Sacrificial Pit | 1 | |
| Boneyard | 1 | |
| Spirit Tower | 5 | |
26 total
» build order
00:07 Graveyard
00:10 Crypt
00:31 Altar of Darkness
00:46 Ziggurat
01:18 Tomb of Relics
01:48 Ziggurat
03:19 Ziggurat
03:48 Halls of the Dead
03:48 Halls of the Dead
04:28 Ziggurat
05:46 Nerubian Tower
06:15 Slaughterhouse
06:20 Black Citadel
07:35 Sacrificial Pit
07:56 Ziggurat
07:57 Ziggurat
09:00 Boneyard
09:47 Ziggurat
10:19 Spirit Tower
10:54 Spirit Tower
10:56 Nerubian Tower
14:31 Spirit Tower
14:34 Spirit Tower
14:35 Spirit Tower
16:17 Ziggurat
17:27 Ziggurat
18:37 Ziggurat
» items
| Rod of Necromancy | 1 | |
| Scroll of Town Portal | 8 | |
| Dust of Appearance | 1 | |
10 total
LeValley (
blue | 80 APM | 1666 actions | 20:46)
4 Demon Hunter
2 Mana Burn
2 Evasion
» actions
| Assign group hotkey | 25 | |
| Basic commands | 119 | |
| Build / train | 116 | |
| ESC pressed | 30 | |
| Enter build submenu | 40 | |
| Enter hero's abilities submenu | 4 | |
| Give item / drop item | 1 | |
| Right click | 478 | |
| Select / deselect | 377 | |
| Select group hotkey | 371 | |
| Use ability | 105 | |
1666 total
» units
| Wisp | 45 | |
| Huntress | 4 | |
| Hippogryph | 16 | |
| Druid of the Talon | 12 | |
| Archer | 14 | |
| Glaive Thrower | 5 | |
96 total
» upgrades
| Vorpal Blades | 1 | |
| Druid of the Talon Training | 1 | |
| Nature's Blessing | 1 | |
| Strength of the Moon | 1 | |
| Ultravision | 1 | |
5 total
» buildings
| Altar of Elders | 1 | |
| Moon Well | 6 | |
| Hunter's Hall | 1 | |
| Ancient of War | 2 | |
| Ancient of Wonders | 1 | |
| Tree of Life | 2 | |
| Tree of Ages | 2 | |
| Ancient Protector | 12 | |
| Ancient of Wind | 3 | |
30 total
» build order
00:15 Altar of Elders
00:24 Moon Well
01:21 Hunter's Hall
01:47 Ancient of War
02:13 Moon Well
02:43 Ancient of Wonders
03:17 Moon Well
03:55 Tree of Life
05:33 Tree of Ages
05:33 Tree of Ages
06:10 Tree of Life
07:47 Ancient Protector
08:09 Ancient Protector
08:25 Moon Well
09:06 Ancient Protector
09:35 Ancient of Wind
09:37 Ancient of Wind
09:45 Ancient of Wind
10:03 Ancient Protector
10:28 Ancient Protector
10:30 Ancient Protector
10:34 Ancient Protector
10:54 Ancient Protector
12:23 Ancient of War
12:35 Moon Well
12:36 Moon Well
12:45 Ancient Protector
12:46 Ancient Protector
16:15 Ancient Protector
17:51 Ancient Protector
» items
| Orb of Corruption | 1 | |
| Potion of Healing | 1 | |
| Scroll of Town Portal | 1 | |
3 total
team 2 (winner)
bodkinarrow (
green | 69 APM | 1495 actions | 21:37)
5 Blademaster
3 Wind Walk
2 Critical Strike
» actions
| Assign group hotkey | 61 | |
| Basic commands | 23 | |
| Build / train | 101 | |
| Enter build submenu | 41 | |
| Enter hero's abilities submenu | 5 | |
| Right click | 574 | |
| Select / deselect | 210 | |
| Select group hotkey | 346 | |
| Use ability | 134 | |
1495 total
» units
» upgrades
| Ranged Weapons | 4 | |
| Armor | 1 | |
| Reinforced Defenses | 1 | |
| Liquid Fire | 1 | |
7 total
» buildings
| Altar of Storms | 1 | |
| Orc Burrow | 6 | |
| War Mill | 1 | |
| Voodoo Lounge | 1 | |
| Watch Tower | 26 | |
| Stronghold | 1 | |
| Beastiary | 3 | |
| Fortress | 1 | |
| Great Hall | 1 | |
41 total
» build order
00:12 Altar of Storms
00:17 Orc Burrow
00:26 War Mill
01:22 Voodoo Lounge
01:45 Watch Tower
02:23 Watch Tower
03:42 Stronghold
03:44 Watch Tower
03:48 Watch Tower
03:53 Watch Tower
03:54 Watch Tower
04:13 Orc Burrow
05:50 Orc Burrow
05:51 Orc Burrow
05:53 Orc Burrow
06:09 Beastiary
06:11 Beastiary
06:16 Beastiary
06:37 Orc Burrow
08:08 Fortress
11:10 Watch Tower
11:12 Watch Tower
11:14 Watch Tower
11:20 Watch Tower
13:25 Watch Tower
15:29 Watch Tower
15:30 Watch Tower
15:31 Watch Tower
15:32 Watch Tower
15:33 Watch Tower
15:40 Watch Tower
15:40 Watch Tower
15:41 Watch Tower
15:42 Watch Tower
15:43 Watch Tower
16:02 Watch Tower
16:04 Watch Tower
21:13 Watch Tower
21:15 Watch Tower
21:18 Watch Tower
21:22 Great Hall
» items
| Healing Salve | 2 | |
| Lesser Clarity Potion | 6 | |
| Scroll of Speed | 1 | |
9 total
JONNY-FAKE-LOVE (
red | 87 APM | 1878 actions | 21:37)
6 Mountain King
3 Storm Bolt
2 Bash
1 Avatar
» actions
| Assign group hotkey | 74 | |
| Basic commands | 15 | |
| Build / train | 83 | |
| Enter build submenu | 57 | |
| Enter hero's abilities submenu | 6 | |
| Give item / drop item | 2 | |
| Right click | 776 | |
| Select / deselect | 204 | |
| Select group hotkey | 549 | |
| Use ability | 112 | |
1878 total
» units
| Peasant | 16 | |
| Goblin Shredder | 1 | |
| Gryphon Rider | 5 | |
22 total
» upgrades
| Masonry | 3 | |
| Storm Hammers | 1 | |
| Swords | 2 | |
| Armor | 2 | |
| Cloud | 1 | |
9 total
» buildings
| Altar of Kings | 1 | |
| Farm | 10 | |
| Lumber Mill | 1 | |
| Scout Tower | 36 | |
| Arcane Tower | 2 | |
| Guard Tower | 23 | |
| Keep | 1 | |
| Town Hall | 1 | |
| Castle | 2 | |
| Gryphon Aviary | 3 | |
| Blacksmith | 1 | |
| Arcane Vault | 1 | |
82 total
» build order
00:09 Altar of Kings
00:34 Farm
00:56 Farm
01:05 Lumber Mill
01:13 Scout Tower
01:40 Scout Tower
01:42 Arcane Tower
01:42 Arcane Tower
02:17 Guard Tower
02:22 Scout Tower
02:24 Scout Tower
03:09 Guard Tower
03:11 Scout Tower
03:58 Keep
04:04 Guard Tower
04:05 Guard Tower
04:05 Guard Tower
05:03 Scout Tower
05:04 Scout Tower
05:04 Scout Tower
05:05 Scout Tower
05:08 Town Hall
05:29 Scout Tower
05:31 Scout Tower
05:32 Scout Tower
06:00 Guard Tower
06:03 Guard Tower
06:03 Guard Tower
06:04 Guard Tower
06:04 Guard Tower
06:57 Castle
06:57 Castle
07:00 Scout Tower
07:09 Farm
07:47 Guard Tower
08:03 Gryphon Aviary
08:37 Gryphon Aviary
09:03 Scout Tower
09:25 Gryphon Aviary
09:28 Farm
09:28 Farm
09:47 Farm
10:37 Scout Tower
10:41 Scout Tower
10:41 Scout Tower
10:58 Guard Tower
11:01 Scout Tower
11:01 Scout Tower
11:56 Guard Tower
12:24 Scout Tower
12:27 Farm
12:27 Farm
12:28 Farm
12:28 Farm
12:33 Blacksmith
12:51 Guard Tower
13:11 Guard Tower
13:48 Arcane Vault
14:30 Scout Tower
14:30 Scout Tower
14:30 Scout Tower
14:31 Scout Tower
15:45 Guard Tower
16:04 Scout Tower
16:08 Scout Tower
16:09 Scout Tower
16:12 Scout Tower
16:13 Scout Tower
17:45 Guard Tower
17:45 Guard Tower
18:35 Scout Tower
18:36 Scout Tower
18:36 Scout Tower
18:36 Scout Tower
18:37 Scout Tower
18:37 Scout Tower
18:38 Scout Tower
20:27 Guard Tower
20:28 Guard Tower
» items
| Staff of Teleportation | 1 | |
| Boots of Speed | 1 | |
| Lesser Clarity Potion | 4 | |
| Healing Salve | 2 | |
| Orb of Lightning | 1 | |
| Staff of Sanctuary | 1 | |
| Scroll of Town Portal | 3 | |
| Scroll of Regeneration | 1 | |
14 total
Chat log
(00:21 / Allies) JONNY-FAKE-LOVE: tek on time
(01:28 / Allies) JONNY-FAKE-LOVE: dh
(01:58 / Allies) JONNY-FAKE-LOVE: u go harss their expo
(02:02 / Allies) JONNY-FAKE-LOVE: he pinged expo anyway
(02:07 / Allies) bodkinarrow: which one
(02:11 / Allies) JONNY-FAKE-LOVE: bottom
(03:18 / Allies) JONNY-FAKE-LOVE: seems hopeless
(03:20 / Allies) JONNY-FAKE-LOVE: burn and coil
(04:15 / Allies) JONNY-FAKE-LOVE: gogo dk
(04:42 / All) JONNY-FAKE-LOVE: TP
(06:12 / Allies) JONNY-FAKE-LOVE: why are wisps follwoing his hero
(06:25 / Allies) JONNY-FAKE-LOVE: start bastting
(06:27 / Allies) JONNY-FAKE-LOVE: batting expos
(06:28 / Allies) JONNY-FAKE-LOVE: asap
(06:55 / Allies) JONNY-FAKE-LOVE: lure then kill trolls
(07:09 / Allies) bodkinarrow: im still level 1
(07:10 / Allies) bodkinarrow: no boots staff
(07:22 / Allies) JONNY-FAKE-LOVE: share
(07:31 / Allies) JONNY-FAKE-LOVE: trolls
(08:04 / Allies) JONNY-FAKE-LOVE: bats
(08:07 / Allies) JONNY-FAKE-LOVE: are most important thing
(08:08 / Allies) JONNY-FAKE-LOVE: asap bats
(08:16 / Allies) JONNY-FAKE-LOVE: start batting ne expo
(08:18 / Allies) JONNY-FAKE-LOVE: dont wait for fire
(09:14 / Allies) JONNY-FAKE-LOVE: b
(11:05 / Allies) JONNY-FAKE-LOVE: up buidl armor
(11:07 / Allies) JONNY-FAKE-LOVE: get 4 more toers
(11:10 / Allies) JONNY-FAKE-LOVE: 6*
(13:03 / Allies) JONNY-FAKE-LOVE: get the towers
(14:06 / Allies) JONNY-FAKE-LOVE: intercept
(14:18 / Allies) JONNY-FAKE-LOVE: itnercept
(14:19 / Allies) JONNY-FAKE-LOVE: dh
(14:40 / Allies) JONNY-FAKE-LOVE: 4 more towers now
(14:52 / Allies) JONNY-FAKE-LOVE: b
(15:01 / Allies) JONNY-FAKE-LOVE: ...
(15:15 / Allies) JONNY-FAKE-LOVE: put up 20 tower at ur expo
(15:17 / Allies) bodkinarrow: i told them to leave
(15:21 / Allies) bodkinarrow: oh ok
(15:54 / Allies) JONNY-FAKE-LOVE: make 4 towera t ur main
(16:00 / Allies) JONNY-FAKE-LOVE: go ud bas ewith bats
(16:20 / Allies) JONNY-FAKE-LOVE: focus towers
(16:31 / Allies) JONNY-FAKE-LOVE: back as soon as he tps
(17:23 / Allies) JONNY-FAKE-LOVE: bat en next
(17:23 / Allies) JONNY-FAKE-LOVE: ne
(19:34 / Allies) JONNY-FAKE-LOVE: omw
(19:42 / Allies) JONNY-FAKE-LOVE: he have no tp
(19:43 / Allies) JONNY-FAKE-LOVE: rape him
(19:47 / Allies) JONNY-FAKE-LOVE: gogoogogogogogoogog
(19:57 / All) JONNY-FAKE-LOVE: SO BAD
(20:11 / All) LeValley: lol you hide your mh well
(20:13 / All) JONNY-FAKE-LOVE: SO ABD
(20:22 / All) JONNY-FAKE-LOVE: NE UD NERDS GETTING RAPED
(20:38 / Allies) JONNY-FAKE-LOVE: bat his wyrms
(20:38 / Allies) JONNY-FAKE-LOVE: if u can
(20:39 / Allies) JONNY-FAKE-LOVE: shit
(20:39 / All) LeValley: for 1v1 whisper
(20:40 / Allies) JONNY-FAKE-LOVE: thats a lot
(20:42 / All) JONNY-FAKE-LOVE: RAPED
(20:44 / All) LeValley: i'd like to see how goo you really are
(20:46 / All) JONNY-FAKE-LOVE: RAPED
(20:49 / All) JONNY-FAKE-LOVE: RAPED
(20:49 / All) JONNY-FAKE-LOVE: RAPED
(20:50 / All) JONNY-FAKE-LOVE: rAPED
(20:52 / All) JONNY-FAKE-LOVE: RAPED NE UD NOOBS
(20:55 / All) JONNY-FAKE-LOVE: ROBOTS DOWN
(20:57 / All) BeyondBeliefs: lol calm down its a game
(20:58 / All) JONNY-FAKE-LOVE: LEGIT PRO INNOVATORS UP
(20:59 / All) JONNY-FAKE-LOVE: WAY UP
(21:03 / All) BeyondBeliefs: like i give a shit if i lose
(21:04 / All) JONNY-FAKE-LOVE: HE WANTS ME TO WHISPER HIM?
(21:05 / All) JONNY-FAKE-LOVE: WAHT A FAG
(21:07 / All) JONNY-FAKE-LOVE: STRONG HOMO
(21:10 / All) JONNY-FAKE-LOVE: GIOOD RAPE
(21:18 / All) BeyondBeliefs: nice strategy yes
(21:21 / All) JONNY-FAKE-LOVE: RAPED
(21:22 / All) JONNY-FAKE-LOVE: NOOBS
(21:23 / All) JONNY-FAKE-LOVE: NE UD ROBOTS
(21:25 / All) BeyondBeliefs: no need to be a fag bout it
(21:29 / All) BeyondBeliefs: real talk.
(21:29 / All) JONNY-FAKE-LOVE: RAPED
(21:32 / All) JONNY-FAKE-LOVE: I JSUT RAPED A MAN
(21:33 / All) BeyondBeliefs: learn your manners boy
(21:35 / All) JONNY-FAKE-LOVE: CANT HELP IT